Map: 16-Bit LE

Players

ManlyManMeat - Winner!

  • Race: Protoss Protoss
  • Spawn Location: 7:00

VOD

Have the link to the VOD?

Description

Time

  • Played on: May 16, 2025, 5 p.m.
  • Length: 10:40
Show
View Real Time Build Order
Export as new Build Order

ManlyManMeat Protoss - Winner!

Build Orders: Double Forge, Blink Stalkers 

Get SALT Encoding   

  12  0:04  Probe  
  12  0:17  Pylon  
  12  0:18  Probe  
  12  0:26  Probe  
  12  0:37  Gateway  
  12  0:38  Probe  
  12  0:50  Probe  
  12  0:59  Gateway  
  12  1:03  Assimilator  
  12  1:28  Cybernetics Core  
  12  1:33  Probe  
  12  1:45  Nexus  
  12  1:53  Assimilator  
  12  1:54  Warp Gate  
  12  1:55  Probe  
  12  2:10  Pylon, Probe  
  12  2:13  Stalker  
  12  2:29  Probe  
  12  2:41  Stalker  
  12  2:44  Twilight Council  
  12  2:51  Stalker  
  12  3:01  Probe x2  
  12  3:12  Probe  
  12  3:14  Stalker  
  12  3:15  Probe  
  12  3:20  Probe  
  12  3:24  Probe  
  12  3:27  Blink  
  12  3:28  Probe  
  12  3:40  Probe  
  12  3:44  Probe  
  12  3:52  Probe  
  12  3:53  Stalker  
  12  3:57  Stalker  
  12  4:11  Forge, Probe  
  12  4:17  Forge  
  12  4:19  Probe  
  12  4:21  Probe  
  12  4:22  Protoss Shields Level 1  
  12  4:27  Pylon  
  12  4:43  Robotics Facility  
  12  4:45  Probe x2  
  12  4:51  Protoss Ground Weapons Level 1  
  12  4:55  Assimilator  
  12  4:57  Assimilator, Probe x2  
  12  5:01  Pylon  
  12  5:09  Probe  
  12  5:11  Stalker  
  12  5:20  Stalker  
  12  5:25  Gateway  
  12  5:29  Gateway  
  12  5:31  Gateway  
  12  5:42  Gateway  
  12  5:44  Warp Prism  
  12  5:46  Stalker  
  12  5:58  Stalker  
  12  6:05  Pylon  
  12  6:06  Pylon  
  12  6:07  Protoss Ground Armor Level 1  
  12  6:10  Probe  
  12  6:33  Stalker x5  
  12  6:52  Pylon, Protoss Ground Weapons Level 2  
  12  6:56  Pylon  
  12  6:57  Pylon  
  12  7:11  Stalker x5  
  12  7:13  Stalker  
  12  7:31  Observer  
  12  7:36  Sentry  
  12  7:37  Charge  
  12  7:41  Zealot x5  
  12  8:00  Nexus  
  12  8:02  Protoss Ground Armor Level 2, Assimilator, Stalker  
  12  8:04  Assimilator  
  12  8:06  Pylon  
  12  8:09  Pylon  
  12  8:35  Zealot x3  
  12  8:36  Zealot x3  
  12  8:42  Zealot x5  
  12  8:43  Zealot  
  12  8:50  Stalker x5  
  12  8:58  Pylon  
  12  9:01  Pylon  
  12  9:02  Pylon  
  12  9:27  Stalker x5  
  12  9:28  Zealot  
  12  10:11  Zealot  
  12  10:12  Zealot x5  
  12  10:17  Pylon  
  12  10:20  Pylon  
  12  10:22  Pylon  
  12  10:24  Pylon  
  12  10:33  Stalker x6  
Tags
 
Add a new tag
Caveats
  • Supply blocks, unpowered buildings, or Contaminate may cause inaccurate times.
  • Supply counts are checked every 10 seconds.